[Event "GCT Croatia Blitz 2021"]
[Site "Zagreb"]
[Date "2021.07.11"]
[Round "18"]
[White "Giri, Anish"]
[Black "Mamedyarov, Shakhriyar"]
[Result "1-0"]
[ECO "E10"]
[WhiteElo "2776"]
[BlackElo "2782"]
[Annotator "RC"]
[PlyCount "87"]
[EventDate "2021.07.10"]
[EventType "tourn"]
[EventCountry "CRO"]
[SourceTitle "playchess.com"]
[Source "ChessBase"]
[SourceQuality "1"]
[TimeControl "300+2"]

1. d4 Nf6 2. c4 e6 3. Nf3 c5 4. d5 b5 5. dxe6 fxe6 6. cxb5 d5 7. Nc3 Nbd7 8. e4 d4 9. e5 Ng4 10. Ne4 Bb7 11. Ned2 Ngxe5 12. Nxe5 Nxe5 13. Qh5+ Nf7 14. Nc4 Be7 15. Bd3 Bxg2 16. Rg1 Qd5 17. Qxd5 Bxd5 18. Rxg7 Bf6 19. Rg4 Ke7 20. b3 h5 21. Rg6 Bxc4 22. Bxc4 Ne5 23. Rg3 h4 24. Rh3 Rag8 25. Kf1 Rg7 26. Ba3 Kd6 27. Rc1 Rhg8 28. Ke2 Rg1 29. Rc2 R8g4 30. Bd3 Nxd3 31. Kxd3 Rg5 32. Kc4 Rf5 33. Rd3 Rg2 34. h3 Rh2 35. Re2 Rh1 36. Rc2 Rf1 37. b4 cxb4 38. Bxb4+ Kd7 39. Ra3 R5xf2 40. Rxa7+ Ke8 41. Rxf2 Rxf2 42. b6 Be5 43. b7 Rxa2 44. Rxa2 1-0

[Event "GCT Croatia Blitz 2021"]
[Site "Zagreb"]
[Date "2021.07.11"]
[Round "18"]
[White "Vachier-Lagrave, Maxime"]
[Black "Korobov, Anton"]
[Result "1-0"]
[ECO "A45"]
[WhiteElo "2749"]
[BlackElo "2683"]
[Annotator "RC"]
[PlyCount "103"]
[EventDate "2021.07.10"]
[EventType "tourn"]
[EventCountry "CRO"]
[SourceTitle "playchess.com"]
[Source "ChessBase"]
[SourceQuality "1"]
[TimeControl "300+2"]

1. d4 Nf6 2. Bf4 c5 3. d5 d6 4. Nc3 e5 5. Bd2 g6 6. e4 Bg7 7. a4 O-O 8. Nge2 Nh5 9. g3 f5 10. exf5 gxf5 11. Bg2 Nd7 12. O-O a6 13. f4 Ndf6 14. fxe5 dxe5 15. Bg5 Qd6 16. Qd2 Bd7 17. Nd1 Ne4 18. Bxe4 fxe4 19. Rxf8+ Rxf8 20. Nf2 Qg6 21. Nc3 h6 22. Bh4 e3 23. Qxe3 Qxc2 24. Nce4 Qxb2 25. Rd1 c4 26. Nc5 Bf5 27. Ne6 c3 28. Nxf8 c2 29. Rf1 Bxf8 30. g4 Qb4 31. Qf3 Bc8 32. gxh5 Qxh4 33. Ne4 Qg4+ 34. Qxg4+ Bxg4 35. Nf6+ Kg7 36.
Nxg4 Ba3 37. Nxe5 c1=Q 38. Rxc1 Bxc1 39. a5 Kf6 40. Nc4 Kf5 41. h4 Kf6 42. Kf2 Bf4 43. Kf3 Bc7 44. Ke4 Bd8 45. Kd4 Kf5 46. Nd6+ Kg4 47. Nxb7 Bxh4 48. Kc5 Kxh5 49. Kb6 Kg4 50. Kxa6 h5 51. Kb5 Bf6 52. a6 1-0